AoeStats
← Groose's Pompadour

Nomad

509179113Analyzed
4v4 RM · 8d ago on Sep 25, 2026· 65m 24s· 8 players
Game mode
Random Map
Map size
231×231
Population
200
Speed
Normal
Resources
Standard
Victory
Conquest
Starting age
Dark Age
Ending age
Imperial Age
RankedLock teamsTeams togetherTeam positionsShared explorationLock speedFull tech treeHidden civsTurbo modeCheats
Victory
Defeat
🇵🇹 Ethiopians · Portugal
1131
+14
🇧🇷 Persians · Brazil
1093
+16
🇦🇷 Italians · Argentina
1076
+16
🇵🇹 Franks · Portugal
955
+69
🇳🇴 Saxons · Norway
1127
-19
🇳🇴 Danes · Norway
1125
-19
🇳🇴 Varangians · Norway
1125
-19
🇳🇴 Franks · Norway
948
-23
Manu
8:19 Loom
15:26 Feudal Age
19:27 Castle Age
17:24 Double-Bit Axe
20:30 Fletching
25:01 Horse Collar
28:38 Padded Archer Armor
30:55 Wheelbarrow
30:57 Bodkin Arrow
32:12 Gold Mining
33:25 Hand Cart
34:27 Bow Saw
34:24 Stone Mining
38:30 Imperial Age
38:39 Leather Archer Armor
39:20 Bracer
38:48 Elite Genoese Crossbowman
39:51 Conscription
41:05 Chemistry
40:38 Ballistics
40:10 Town Watch
40:26 Murder Holes
43:29 Masonry
45:50 Ring Archer Armor
51:40 Hoardings
52:34 Light Cavalry
53:24 Bloodlines
53:15 Husbandry
53:36 Forging
53:31 Scale Barding Armor
53:35 Hussar
55:15 Iron Casting
56:26 Chain Barding Armor
59:02 Pirotechnia
63:13 Plate Barding Armor
63:41 Blast Furnace
✪ EzortaQ
7:25 Loom
16:43 Feudal Age
17:58 Double-Bit Axe
20:26 Gold Mining
31:09 Castle Age
36:08 Castle Age
53:34 Wheelbarrow
57:33 Imperial Age
56:13 Hand Cart
58:15 Gold Shaft Mining
57:32 Stone Mining
58:03 Man-at-Arms
58:46 Squires
58:32 Arson
60:09 Scale Mail Armor
61:12 Long Swordsman
62:12 Forging
62:18 Chain Mail Armor
64:29 Iron Casting
64:37 Plate Mail Armor
65:56 Conscription
65:13 Two-Handed Swordsman
SomeAmoeba7897
18:06 Feudal Age
18:32 Double-Bit Axe
19:25 Gold Mining
20:16 Wheelbarrow
22:50 Fishing Lines
24:21 Scale Barding Armor
24:31 Forging
27:44 Castle Age
29:30 Bow Saw
29:17 Gillnets
30:26 Husbandry
31:22 Gold Shaft Mining
32:20 Iron Casting
32:42 Stone Mining
38:09 Imperial Age
36:52 Chain Barding Armor
38:37 Cavalier
42:16 Blast Furnace
41:27 Paladin
47:41 Onager
65:27 Plate Barding Armor
Mangudai de Oakley
10:43 Loom
12:29 Feudal Age
21:15 Castle Age
19:53 Double-Bit Axe
20:48 Fishing Lines
23:17 Fletching
25:40 Horse Collar
26:51 Wheelbarrow
27:02 Bow Saw
28:16 Bloodlines
29:30 Scale Barding Armor
29:59 Gold Mining
32:42 Forging
32:38 Husbandry
35:41 Gold Shaft Mining
35:40 Chain Barding Armor
35:56 Iron Casting
36:24 Light Cavalry
38:53 Kamandaran
41:36 Crossbowman
42:14 Bodkin Arrow
42:40 Thumb Ring
47:03 Imperial Age
45:12 Padded Archer Armor
48:27 Ballistics
49:14 Leather Archer Armor
51:07 Heavy Plow
52:28 Chemistry
51:57 Cavalier
55:29 Plate Barding Armor
56:03 Crop Rotation
55:54 Hand Cart
55:25 Town Watch
57:35 Savar
60:25 Blast Furnace
59:55 Ring Archer Armor
60:39 Two-Man Saw
64:00 Capped Ram
Joser
3:28 Loom
17:51 Feudal Age
27:51 Castle Age
27:36 Stone Mining
27:34 Double-Bit Axe
30:57 Wheelbarrow
30:35 Bow Saw
Asmami
4:25 Loom
14:19 Feudal Age
18:29 Castle Age
16:47 Double-Bit Axe
17:17 Forging
19:00 Horse Collar
22:22 Fletching
24:43 Scale Mail Armor
26:03 Arson
26:23 Squires
28:20 Iron Casting
28:00 Chain Mail Armor
32:21 Wheelbarrow
32:37 Hamask
46:51 Imperial Age
47:57 Conscription
47:16 Elite Jomsviking
50:33 Blast Furnace
52:33 Elite Skirmisher
55:19 Bodkin Arrow
56:37 Hand Cart
63:51 Ballistics
Atlas
20:13 Feudal Age
27:17 Castle Age
Groose's Pompadour
11:44 Loom
14:46 Feudal Age
16:03 Double-Bit Axe
16:34 Horse Collar
18:59 Castle Age
17:16 Stone Mining
19:45 Fletching
22:58 Scale Mail Armor
23:30 Bow Saw
23:23 Heavy Plow
23:51 Town Watch
25:19 Wheelbarrow
25:20 Arson
28:09 Hand Cart
27:40 Town Watch
33:16 Redemption
33:59 Pikeman
35:12 Chain Mail Armor
35:02 Squires
38:04 Imperial Age
37:17 Sanctity
37:22 Forging
38:21 Shield Wall
40:32 Elite Varangian Guard
40:33 Halberdier
42:30 Gambesons
42:06 Man-at-Arms
44:09 Long Swordsman
45:22 Plate Mail Armor
45:29 Iron Casting
45:20 Block Printing
46:13 Siege Engineers
47:09 Chemistry
45:34 Two-Handed Swordsman
46:48 Elite Hearth Troop
48:20 Conscription
49:29 Hoardings
51:41 Onager
52:27 Bodkin Arrow
53:57 Ballistics
53:47 Fortified Wall
54:00 Ballistics
53:52 Masonry
58:45 Two-Man Saw
57:30 Champion
59:47 Bracer
60:26 Architecture
Connection lost

Rejoining the realm…

Still unreachable

The connection could not be restored.

Session expired

The server has moved on; the page needs a fresh start.